Map: Snowbound Colony

Players

MonstroTown - Winner!

  • Race: Terran Terran
  • Spawn Location: 6:00

Michael - Winner!

  • Race: Zerg Zerg
  • League: Gold
  • Spawn Location: 7:00

Paradox - Winner!

  • Race: Zerg Zerg
  • Spawn Location: 7:00

Goose

  • Race: Zerg Zerg
  • Spawn Location: 12:00

Gooby

  • Race: Zerg Zerg
  • Spawn Location: 1:00

Jiajie

  • Race: Protoss Protoss
  • Spawn Location: 1:00

VOD

Have the link to the VOD?

Description

Time

  • Played on: Sept. 27, 2018, 10:23 p.m.
  • Length: 20:06
Show
View Real Time Build Order
Export as new Build Order

MonstroTown Terran - Winner!

Build Orders: MMM Bio 

Get SALT Encoding   

  12  0:01  SCV  
  13  0:13  SCV  
  14  0:18  Supply Depot  
  14  0:25  SCV  
  15  0:40  SCV  
  16  0:43  Barracks  
  16  0:52  SCV, Refinery  
  17  1:04  SCV  
  18  1:11  Barracks  
  19  1:30  Orbital Command  
  18  1:35  Barracks Reactor  
  18  1:46  Refinery  
  18  1:51  Barracks  
  18  1:57  SCV  
  19  2:02  Supply Depot  
  19  2:04  Marine  
  20  2:13  SCV  
  21  2:28  SCV  
  22  2:30  Command Center  
  22  2:31  Marine  
  23  2:41  SCV  
  24  2:44  Factory  
  24  2:45  Marine  
  25  2:52  Marine x2  
  27  3:02  Supply Depot  
  27  3:09  SCV  
  27  3:11  Marine x2  
  30  3:21  Supply Depot  
  30  3:22  Barracks Tech Lab  
  30  3:29  Marine  
  30  3:30  Factory Tech Lab  
  30  3:33  SCV  
  32  3:36  Marine  
  32  3:40  Hellion  
  35  3:51  Bunker, SCV  
  35  3:52  Marine  
  37  3:57  Marauder  
  39  4:10  SCV  
  39  4:11  Orbital Command  
  40  4:19  Stimpack  
  40  4:20  Marine  
  41  4:24  Barracks Reactor  
  41  4:27  Hellion x2  
  43  4:39  SCV  
  43  4:40  Starport  
  43  4:41  Marine  
  41  5:16  Marine x3  
  41  5:19  Hellion x2  
  41  5:20  Medivac  
  49  5:34  Marauder, Marine  
  50  5:35  Marine  
  50  5:38  SCV  
  50  5:40  Widow Mine  
  54  5:45  Engineering Bay, SCV  
  54  5:49  Engineering Bay  
  55  5:50  SCV  
  55  5:51  Marine  
  55  5:53  Hellion  
  55  5:56  Marauder  
  55  5:57  SCV  
  62  6:08  Supply Depot  
  62  6:09  Supply Depot  
  62  6:21  Terran Infantry Armor Level 1, Terran Infantry Weapons Level 1  
  62  6:28  Missile Turret  
  62  6:30  SCV x2  
  64  6:34  Marine x2  
  64  6:35  Marauder  
  64  6:37  Widow Mine x2, Medivac  
  74  6:42  SCV x2  
  76  6:50  Supply Depot  
  76  6:52  Supply Depot  
  76  6:54  SCV  
  76  6:56  Supply Depot  
  76  6:57  Supply Depot  
  76  7:00  Barracks, Marine  
  76  7:01  Marauder  
  80  7:05  SCV  
  81  7:10  SCV  
  81  7:11  Marine  
  83  7:22  Marauder  
  85  7:32  Cyclone x2  
  85  7:33  Marine x2  
  85  7:36  Starport Reactor  
  93  7:37  Barracks  
  93  7:47  Marine  
  93  7:51  Marine  
  85  8:04  Factory  
  85  8:06  Factory  
  85  8:09  Armory  
  85  8:10  Refinery  
  85  8:11  Refinery  
  85  8:15  Marine x2  
  87  8:22  Command Center  
  87  8:33  Marine x2  
  90  8:35  Barracks Reactor  
  89  8:43  Hellion x2  
  93  8:49  Combat Shields  
  93  8:52  Barracks Tech Lab  
  93  8:54  Factory Tech Lab  
  93  8:55  Factory Tech Lab  
  93  8:57  Marauder  
  95  9:09  Marine x2  
  97  9:22  Marine x2  
  97  9:23  Marauder x2  
  97  9:24  Thor  
  109  9:27  Hellion  
  111  9:36  Marine x2  
  111  9:38  SCV x2  
  115  9:40  Marine  
  116  9:58  Marine x2  
  116  9:59  Marine x4  
  117  10:05  SCV x2  
  117  10:06  Orbital Command  
  119  10:09  Missile Turret  
  119  10:12  Thor x2  
  131  10:16  Marine x2  
  133  10:37  Marine x4  
  133  10:38  Marine x2  
  121  10:54  Marine x3  
  121  10:55  Marauder  
  121  10:56  Marine  
  99  11:07  Marine  
  80  11:12  Marine x3  
  80  11:14  Marine  
  80  11:16  Marine  
  73  11:36  Marine x4  
  71  11:53  Marine x2  
  71  11:54  Marine x2  
  73  11:57  Command Center  
  75  12:05  Command Center  
  75  12:15  Marine x4  
  77  12:16  Marauder x2  
  83  12:40  Supply Depot  
  83  12:41  Marine x2  
  83  12:42  Supply Depot, Marine x3  
  88  12:45  Supply Depot  
  88  12:46  Supply Depot  
  88  12:49  Siege Tank x2  
  94  12:54  Marine  
  95  12:59  Marine x2  
  95  13:03  Marine x3  
  95  13:05  Sensor Tower  
  100  13:12  Marine  
  101  13:17  Marine x2  
  102  13:22  Marine x3  
  100  13:30  Marine  
  97  13:35  Marine  
  54  14:00  Marine  
  54  14:01  Marine x5  
  52  14:08  Widow Mine x2  
  51  14:18  Marine  
  51  14:19  Marauder  
  51  14:20  Marauder  
  51  14:26  Marine  
  51  14:27  Marine x2  
  43  14:36  Marine  
  44  14:41  Marauder x2  
  44  14:44  Marine x2  
  29  15:20  Marine  
  29  15:21  Marine x3  
  29  16:02  Command Center  
  4  18:50  Orbital Command  
Show
View Real Time Build Order
Export as new Build Order

Michael Zerg - Winner!

Build Orders: Pool First 

Get SALT Encoding   

  12  0:01  Drone  
  13  0:13  Overlord  
  13  0:18  Drone  
  14  0:31  Drone x2  
  14  0:35  Drone  
  17  0:38  Extractor  
  16  0:46  Drone  
  17  0:52  Spawning Pool  
  17  0:56  Drone  
  17  1:07  Drone  
  18  1:29  Drone  
  18  1:31  Hatchery  
  18  1:41  Queen  
  20  1:49  Metabolic Boost  
  20  1:53  Zergling x2  
  21  1:58  Zergling x2  
  22  2:06  Overlord  
  21  2:24  Queen  
  23  2:46  Drone  
  23  2:55  Hatchery  
  23  2:57  Queen  
  24  3:09  Spine Crawler  
  23  3:27  Drone x2  
  25  3:28  Roach Warren  
  25  3:31  Drone  
  25  3:36  Drone  
  26  3:49  Lair  
  26  3:59  Drone x3  
  26  4:02  Drone  
  30  4:05  Drone  
  31  4:23  Drone x5  
  36  4:25  Drone  
  36  4:27  Drone  
  38  4:32  Overlord  
  38  4:38  Overlord  
  38  4:55  Infestation Pit  
  38  4:56  Glial Reconstitution  
  38  4:57  Spire  
  34  5:06  Roach x2  
  37  5:12  Roach  
  39  5:19  Queen  
  39  5:20  Drone  
  39  5:21  Drone x2  
  44  5:30  Queen  
  44  5:31  Queen  
  48  5:36  Drone  
  49  5:44  Extractor  
  49  5:46  Evolution Chamber  
  49  5:49  Spore Crawler x2  
  45  5:52  Drone  
  45  5:53  Drone x4  
  45  5:54  Drone  
  51  5:58  Drone  
  51  5:59  Extractor  
  51  6:00  Drone  
  51  6:02  Drone  
  53  6:11  Drone  
  53  6:12  Drone x2  
  53  6:15  Drone x2  
  58  6:31  Spore Crawler  
  58  6:32  Spore Crawler x2  
  56  6:34  Spine Crawler  
  56  6:35  Spine Crawler  
  56  6:38  Drone  
  56  6:39  Drone x3  
  57  6:40  Drone, Spine Crawler  
  57  6:41  Drone  
  57  6:44  Overlord  
  58  6:47  Overlord  
  58  6:51  Overlord  
  58  6:57  Extractor, Drone  
  58  7:22  Hive  
  58  7:24  Burrow  
  58  7:25  Zerg Flyer Armor Level 1  
  58  7:33  Drone x15  
  73  7:37  Extractor  
  73  7:38  Extractor  
  71  7:51  Zerg Ground Armor Level 1  
  71  7:55  Evolution Chamber  
  70  8:11  Tunneling Claws  
  70  8:21  Zerg Missile Weapons Level 1  
  70  8:32  Overlord  
  70  8:33  Overlord x9  
  70  8:34  Overlord x2  
  70  8:37  Hatchery  
  70  8:40  Pneumatized Carapace  
  69  8:53  Corruptor x4  
  77  8:59  Corruptor  
  79  9:06  Drone x6  
  79  9:07  Drone  
  86  9:15  Drone x3  
  89  9:23  Drone x2  
  89  9:24  Drone x6  
  97  9:25  Drone  
  97  9:26  Drone  
  97  9:27  Drone  
  97  9:29  Drone  
  97  9:31  Drone x2  
  103  9:45  Zerg Ground Armor Level 2  
  103  9:47  Greater Spire  
  103  9:48  Corruptor x2  
  103  9:51  Corruptor  
  109  9:54  Corruptor  
  111  10:00  Corruptor  
  113  10:08  Queen  
  115  10:20  Zergling x2  
  115  10:21  Zergling x32  
  131  10:24  Adrenal Glands  
  132  10:28  Zerg Missile Weapons Level 2  
  126  11:04  Zerg Flyer Armor Level 2  
  126  11:07  Overseer x3  
  126  11:08  Overseer  
  126  11:15  Zergling x4  
  126  11:16  Zergling x22  
  130  11:26  Brood Lord x3  
  134  11:38  Zergling x18  
  134  11:39  Zergling x22  
  151  12:01  Zerg Melee Weapons Level 1  
  136  12:16  Brood Lord x5  
  136  12:17  Brood Lord  
  144  12:26  Queen x2  
  144  12:27  Queen x2  
  152  12:42  Hatchery  
  151  12:45  Hatchery  
  150  13:20  Corruptor x10  
  170  13:28  Overlord  
  170  13:29  Overlord x11  
  127  14:56  Zergling x22  
  127  14:58  Overlord x12  
  138  15:06  Hatchery, Spore Crawler  
  136  15:07  Spore Crawler  
  136  15:08  Spine Crawler x2  
  136  15:11  Spine Crawler  
  109  15:45  Corruptor x3  
  109  15:46  Corruptor x6  
  122  16:25  Zergling x2  
  122  16:26  Zergling x16  
  108  17:00  Brood Lord  
  106  17:02  Brood Lord x2  
  106  17:03  Brood Lord x7  
  106  17:04  Brood Lord x4  
  129  17:23  Corruptor x4  
  129  17:26  Zergling x28  
  129  17:27  Zergling x6  
  142  18:05  Corruptor x2  
  137  18:37  Corruptor x4  
  132  18:54  Corruptor  
  134  18:56  Zergling x10  
  134  18:57  Zergling x8  
  137  19:32  Hatchery  
  137  19:33  Hatchery  
  134  19:47  Hatchery  
Show
View Real Time Build Order
Export as new Build Order

Paradox Zerg - Winner!

Build Orders: Pool First 

Get SALT Encoding   

  12  0:01  Drone  
  13  0:13  Overlord  
  13  0:18  Drone  
  14  0:31  Drone  
  14  0:32  Drone  
  16  0:38  Drone  
  17  0:47  Spawning Pool  
  17  0:49  Drone  
  17  0:53  Extractor  
  16  0:58  Drone  
  17  1:08  Drone  
  18  1:30  Overlord, Hatchery  
  17  1:37  Zergling x2  
  18  1:40  Queen  
  20  1:59  Drone x2  
  22  2:02  Zergling x2  
  23  2:10  Metabolic Boost  
  23  2:16  Roach Warren  
  22  2:37  Evolution Chamber  
  22  2:38  Zergling x4  
  22  2:39  Drone  
  22  2:42  Queen  
  26  2:46  Drone  
  27  2:57  Drone  
  27  2:58  Drone x2  
  30  3:09  Drone x3  
  33  3:23  Drone  
  33  3:24  Drone x2  
  36  3:38  Overlord x2  
  35  3:44  Overlord x2  
  35  3:54  Lair  
  35  3:56  Zerg Missile Weapons Level 1  
  35  4:01  Drone x2, Evolution Chamber  
  36  4:11  Roach x3  
  36  4:15  Drone  
  43  4:21  Drone x3  
  43  4:22  Drone  
  47  4:29  Spore Crawler  
  46  4:37  Drone x2  
  48  4:41  Extractor  
  48  4:45  Extractor  
  46  4:46  Drone x2  
  46  4:47  Drone  
  42  5:07  Roach x5  
  42  5:08  Roach x3  
  38  5:24  Drone x3  
  38  5:26  Queen  
  42  5:41  Drone x3  
  45  5:52  Zerg Ground Armor Level 1  
  45  5:55  Drone x3  
  48  5:58  Glial Reconstitution  
  48  6:02  Hydralisk Den  
  48  6:04  Drone  
  48  6:08  Drone x4  
  52  6:15  Zerg Missile Weapons Level 2  
  52  6:29  Roach x3  
  58  6:39  Drone x2  
  60  6:42  Overlord  
  60  6:43  Overlord  
  60  6:45  Grooved Spines  
  60  6:52  Overseer  
  60  7:06  Hatchery, Drone x2  
  60  7:08  Drone  
  62  7:09  Drone  
  62  7:10  Drone  
  64  7:32  Overlord x2  
  64  7:41  Hydralisk x2  
  68  7:46  Zerg Ground Armor Level 2  
  68  7:57  Muscular Augments  
  68  8:03  Extractor, Hydralisk x3  
  68  8:04  Hydralisk  
  75  8:11  Drone  
  75  8:12  Drone x7  
  83  8:18  Drone x2  
  85  8:20  Drone  
  85  8:24  Queen  
  88  8:28  Hydralisk  
  90  8:38  Infestation Pit  
  90  8:39  Drone  
  90  8:42  Overlord x2  
  90  8:43  Overlord  
  90  9:00  Hydralisk x5  
  100  9:16  Hydralisk x4  
  108  9:21  Drone x3  
  111  9:30  Spore Crawler  
  78  10:02  Roach  
  78  10:03  Roach x14  
  106  10:12  Hive  
  92  10:23  Roach x3  
  71  10:36  Roach  
  71  10:37  Roach x6  
  77  10:51  Roach  
  77  10:52  Roach x7  
  93  10:57  Queen  
  93  11:01  Drone x2  
  75  11:38  Hydralisk  
  75  11:39  Hydralisk x6  
  85  11:40  Hydralisk  
  89  11:54  Roach  
  89  11:55  Roach x3  
  90  12:02  Overlord x5  
  80  12:25  Hydralisk x3  
  80  12:28  Drone x5  
  91  12:31  Queen  
  93  12:47  Drone x2  
  93  12:48  Drone  
  93  12:49  Drone x3  
  93  13:20  Hydralisk  
  93  13:21  Hydralisk x5  
  103  13:40  Roach  
  103  13:41  Roach x6  
  115  13:59  Hydralisk  
  115  14:00  Hydralisk x2  
  113  14:21  Roach x4  
  113  14:23  Zergling x2  
  122  14:24  Overlord x4  
  122  14:38  Roach  
  120  14:39  Roach x2  
  82  15:09  Roach  
  82  15:10  Roach x5  
  64  16:18  Hatchery  
  57  16:37  Hydralisk  
  57  16:38  Hydralisk x2  
  63  16:52  Hatchery  
  62  17:12  Hydralisk x3  
  54  18:08  Hydralisk x5  
  64  18:54  Zergling x4  
  64  18:55  Zergling x14  
  73  19:38  Zergling x2  
  73  19:39  Zergling x16  
Show
View Real Time Build Order
Export as new Build Order

Goose Zerg 

Build Orders: Hatch First 

Get SALT Encoding   

  12  0:29  Hatchery  
  12  0:34  Drone  
  12  0:43  Drone  
  13  0:58  Spawning Pool  
  12  1:05  Overlord  
  12  1:10  Drone  
  13  1:14  Drone  
  14  1:21  Extractor, Drone  
  14  1:25  Extractor  
  14  1:28  Drone  
  14  1:41  Drone x2  
  16  1:51  Drone  
  16  1:52  Drone  
  19  2:01  Drone  
  19  2:08  Metabolic Boost  
  19  2:16  Zergling x2  
  20  2:27  Zergling x4  
  20  2:28  Zergling x2  
  23  2:32  Zergling x2  
  23  2:34  Zergling x2  
  25  2:39  Zergling x2  
  26  2:47  Zergling x4  
  28  2:56  Overlord  
  28  3:05  Spore Crawler  
  28  3:07  Drone  
  28  3:13  Overlord  
  28  3:20  Drone  
  28  3:23  Drone  
  30  3:33  Spine Crawler  
  29  3:43  Drone  
  29  3:44  Drone x2  
  29  3:46  Drone  
  33  3:51  Drone  
  34  4:01  Queen  
  36  4:11  Lair  
  36  4:14  Drone  
  37  4:21  Drone x2  
  37  4:22  Drone  
  40  4:25  Drone  
  40  4:27  Drone  
  42  4:33  Overlord  
  42  4:48  Drone x2  
  41  5:03  Zergling x8  
  44  5:14  Zergling x2  
  44  5:15  Zergling x2  
  44  5:18  Queen  
  45  5:37  Hydralisk Den  
  45  5:38  Evolution Chamber  
  45  5:40  Zergling x10, Evolution Chamber  
  45  5:41  Evolution Chamber  
  46  5:48  Extractor x2, Drone  
  43  6:08  Grooved Spines, Hydralisk  
  43  6:09  Hydralisk x3  
  43  6:11  Infestation Pit  
  50  6:12  Zerg Melee Weapons Level 1  
  50  6:13  Zerg Missile Weapons Level 1  
  50  6:17  Zerg Ground Armor Level 1  
  50  6:22  Drone  
  50  6:23  Drone  
  52  6:26  Overlord  
  52  6:33  Overlord x2  
  52  6:58  Hive  
  52  7:09  Hatchery  
  51  7:15  Drone  
  51  7:16  Drone  
  51  7:17  Drone  
  51  7:19  Muscular Augments  
  54  7:30  Hydralisk x2  
  58  7:42  Hydralisk  
  58  7:43  Hydralisk  
  62  7:59  Hydralisk x3  
  68  8:08  Hydralisk  
  68  8:09  Hydralisk  
  72  8:23  Drone x5  
  72  8:25  Drone  
  78  8:34  Zerg Melee Weapons Level 2  
  78  8:45  Spine Crawler  
  77  8:57  Drone x3  
  77  8:58  Drone x2  
  77  8:59  Overlord  
  77  9:01  Overlord  
  82  9:18  Zerg Missile Weapons Level 2  
  82  9:19  Zerg Ground Armor Level 2  
  82  9:27  Adrenal Glands  
  82  9:35  Baneling Nest  
  82  9:36  Queen  
  84  9:38  Drone  
  84  9:40  Drone  
  85  9:59  Hydralisk x5  
  87  10:26  Hydralisk x7  
  87  10:27  Hydralisk  
  96  10:30  Hydralisk  
  84  10:35  Hydralisk  
  78  10:57  Hydralisk x3  
  78  10:58  Hydralisk x3  
  78  10:59  Hydralisk  
  92  11:10  Zerg Melee Weapons Level 3  
  92  11:12  Centrifical Hooks  
  92  11:22  Hydralisk x3  
  98  11:26  Extractor  
  98  11:28  Extractor  
  98  11:29  Overlord  
  96  11:42  Drone x2  
  96  11:44  Overlord x3  
  68  12:16  Hydralisk x3  
  68  12:17  Hydralisk x6  
  68  12:19  Hydralisk  
  74  12:29  Spire  
  73  12:32  Drone x3  
  73  12:34  Drone  
  73  12:36  Drone  
  78  12:40  Drone x2  
  78  12:41  Drone  
  78  12:43  Drone  
  82  12:46  Drone  
  83  13:01  Lurker Den  
  83  13:03  Drone x4  
  83  13:04  Drone  
  87  13:23  Hydralisk x5  
  87  13:24  Hydralisk  
  99  13:37  Hydralisk x4  
  99  13:38  Hydralisk  
  99  13:39  Hydralisk  
  103  13:46  Hydralisk x2  
  95  13:58  Corruptor x2  
  65  14:27  Hydralisk x2  
  65  14:28  Hydralisk  
  57  14:42  Hydralisk x2  
  57  14:43  Hydralisk x2  
  54  14:55  Lurker x3  
  54  14:57  Hydralisk x5  
  54  14:58  Hydralisk x3  
  73  15:09  Hydralisk x2  
  75  15:28  Hydralisk  
  75  15:29  Hydralisk x2  
  81  15:49  Hydralisk x4  
  79  15:55  Hydralisk x2  
  64  16:03  Lurker x2  
  60  16:38  Corruptor x3  
  60  16:39  Corruptor x3  
  68  16:59  Hydralisk x4  
  66  17:06  Lurker  
  66  17:07  Lurker  
  68  17:13  Queen  
  56  17:37  Hydralisk x6  
  68  18:05  Hydralisk x3  
  55  18:06  Hydralisk x2  
  61  18:19  Hydralisk x2  
  65  18:30  Hydralisk x2  
  65  18:46  Hydralisk x3  
Show
View Real Time Build Order
Export as new Build Order

Gooby Zerg 

Build Orders: Pool First 

Get SALT Encoding   

  12  0:03  Drone  
  13  0:08  Drone  
  14  0:30  Spawning Pool, Drone  
  14  0:35  Extractor  
  13  0:37  Drone  
  14  0:46  Overlord  
  14  0:52  Extractor  
  14  0:53  Drone  
  14  1:06  Drone  
  14  1:07  Drone  
  16  1:21  Queen  
  18  1:27  Drone x2  
  20  1:45  Roach Warren  
  20  1:46  Drone  
  20  1:49  Drone  
  21  2:10  Zergling x2  
  21  2:11  Overlord  
  22  2:20  Overlord  
  22  2:34  Zergling x2  
  22  2:35  Zergling x6  
  22  2:36  Metabolic Boost  
  26  3:01  Roach x2  
  30  3:06  Roach  
  32  3:38  Roach  
  32  3:39  Overlord x2, Roach x2  
  38  3:43  Lair  
  38  3:47  Evolution Chamber  
  37  3:50  Drone  
  38  4:07  Drone  
  38  4:08  Drone  
  40  4:15  Zerg Missile Weapons Level 1  
  40  4:45  Roach x3  
  37  5:34  Roach x5  
  39  5:39  Drone  
  40  5:46  Evolution Chamber  
  39  6:00  Drone  
  40  6:06  Extractor  
  40  6:07  Extractor  
  40  6:08  Hatchery, Zergling x2  
  38  6:12  Zerg Ground Armor Level 1  
  38  6:13  Zerg Missile Weapons Level 2  
  38  6:15  Roach  
  38  6:17  Roach  
  38  6:18  Roach x2  
  46  6:33  Drone  
  46  6:35  Drone  
  48  6:50  Drone x3  
  51  7:03  Drone  
  51  7:05  Drone  
  53  7:27  Drone  
  53  7:28  Queen  
  56  7:59  Drone x2  
  56  8:01  Overlord, Hydralisk Den, Roach  
  56  8:02  Overlord x2  
  59  8:08  Drone  
  60  8:25  Drone x3  
  63  8:34  Hydralisk  
  63  8:35  Hydralisk x3  
  63  8:40  Zerg Ground Armor Level 2  
  71  8:45  Roach x2  
  75  8:49  Roach x4  
  75  8:51  Overlord  
  83  9:23  Drone x4  
  87  9:30  Overlord x3  
  87  9:31  Overlord  
  87  9:36  Grooved Spines  
  87  10:06  Hydralisk x2  
  87  10:07  Hydralisk x4  
  76  10:46  Roach x3  
  76  10:47  Roach x3  
  64  11:01  Zerg Melee Weapons Level 1  
  64  11:08  Infestation Pit  
  63  11:20  Extractor, Drone x2  
  63  11:21  Hatchery  
  63  11:25  Overseer  
  63  11:26  Overseer x2  
  63  11:28  Pneumatized Carapace  
  63  11:33  Glial Reconstitution  
  63  11:36  Muscular Augments  
  63  11:52  Roach x3  
  63  11:53  Roach  
  63  11:54  Roach x5  
  77  11:59  Zergling x2  
  77  12:00  Zergling x4  
  84  12:05  Hive  
  84  12:25  Burrow  
  84  12:26  Zergling x8  
  88  12:46  Drone x4  
  88  12:47  Drone x4  
  88  12:49  Drone x2  
  98  13:00  Zerg Melee Weapons Level 2  
  98  13:09  Evolution Chamber  
  93  13:29  Roach  
  93  13:30  Roach x9  
  93  13:31  Roach x2  
  80  13:55  Roach x2  
  74  13:56  Roach x4  
  59  14:18  Zergling x10  
  59  14:19  Zergling x4  
  42  14:48  Zergling x10  
Show
View Real Time Build Order
Export as new Build Order

Jiajie Protoss 

Build Orders: 1 Gate Expand 

Get SALT Encoding   

  12  0:01  Probe  
  13  0:13  Probe  
  14  0:21  Pylon  
  14  0:25  Probe  
  15  0:39  Probe  
  15  0:42  Gateway  
  16  0:51  Probe  
  16  0:54  Assimilator  
  17  1:16  Probe  
  18  1:28  Probe  
  19  1:40  Nexus  
  19  1:47  Pylon  
  19  1:51  Probe  
  20  1:58  Cybernetics Core  
  20  2:00  Zealot  
  22  2:11  Probe  
  23  2:36  Forge  
  22  2:39  Pylon  
  22  2:49  Warp Gate  
  22  2:53  Stalker  
  24  3:00  Pylon  
  24  3:03  Pylon  
  24  3:08  Probe, Assimilator  
  24  3:09  Probe  
  26  3:16  Probe  
  26  3:20  Photon Cannon  
  26  3:21  Probe  
  26  3:26  Probe  
  28  3:33  Probe  
  30  3:38  Probe  
  30  3:39  Zealot  
  33  3:46  Probe  
  33  3:54  Probe  
  34  3:56  Photon Cannon  
  34  3:59  Photon Cannon  
  35  4:03  Probe  
  35  4:04  Pylon  
  35  4:08  Stalker  
  38  4:11  Protoss Ground Weapons Level 1, Probe  
  39  4:33  Nexus  
  39  4:38  Probe  
  39  4:40  Pylon  
  40  4:46  Probe  
  41  4:56  Probe  
  42  5:02  Gateway x2  
  42  5:03  Gateway  
  42  5:08  Probe  
  43  5:14  Assimilator  
  43  5:16  Probe  
  43  5:18  Assimilator  
  44  5:26  Probe  
  45  5:36  Twilight Council  
  45  5:38  Probe  
  46  5:43  Probe  
  46  5:44  Pylon  
  47  5:51  Probe  
  47  5:55  Stalker  
  50  6:00  Probe  
  50  6:02  Blink  
  51  6:07  Stalker x3  
  57  6:16  Probe  
  60  6:21  Probe  
  60  6:24  Probe  
  59  6:29  Probe  
  60  6:34  Probe  
  60  6:39  Probe  
  62  6:41  Pylon  
  62  6:46  Probe  
  64  6:51  Probe  
  65  6:55  Gateway x2  
  65  6:58  Probe  
  65  6:59  Gateway  
  66  7:03  Probe  
  66  7:04  Photon Cannon  
  66  7:08  Gateway  
  67  7:12  Pylon  
  68  7:15  Probe  
  68  7:16  Probe  
  69  7:24  Probe, Stalker x4  
  78  7:30  Gateway x2  
  78  7:34  Probe  
  78  7:35  Gateway  
  79  7:41  Gateway  
  79  7:45  Pylon  
  79  7:46  Probe  
  80  7:54  Probe  
  81  8:02  Probe  
  81  8:03  Photon Cannon  
  81  8:04  Pylon  
  81  8:08  Photon Cannon  
  81  8:11  Stalker x6  
  81  8:12  Probe, Stalker x2  
  99  8:20  Protoss Ground Weapons Level 2  
  99  8:21  Charge  
  99  8:24  Probe  
  100  8:38  Stalker  
  100  8:39  Stalker x7  
  116  8:43  Stalker  
  116  8:44  Stalker  
  120  8:56  Stalker x2  
  120  9:01  Assimilator  
  124  9:05  Assimilator  
  124  9:23  Nexus  
  124  9:27  Pylon  
  124  9:29  Pylon  
  124  9:31  Stalker  
  124  9:32  Stalker x7  
  126  10:03  Stalker x3  
  126  10:04  Stalker x3  
  126  10:05  Stalker x4  
  126  10:06  Stalker  
  148  10:16  Photon Cannon  
  148  10:20  Photon Cannon  
  148  10:24  Stalker  
  96  11:42  Stalker x5  
  96  11:43  Stalker x6  
  96  11:44  Stalker  
  120  12:17  Nexus  
  120  12:20  Pylon  
  120  12:22  Stalker x5  
  128  12:23  Stalker x4, Pylon  
  128  12:24  Stalker x2  
  128  12:25  Stalker  
  128  12:26  Pylon  
  144  12:51  Stalker x2  
  144  12:52  Stalker x6  
  144  12:53  Stalker x3  
  166  13:15  Stalker x5  
  166  13:16  Stalker x2  
  168  14:19  Stalker x4  
  168  14:20  Stalker x5  
  168  14:21  Stalker  
  168  14:22  Stalker  
  152  14:56  Stalker x4  
  152  14:57  Stalker x3  
  152  14:58  Stalker x4  
  142  15:24  Stalker x4  
  142  15:25  Stalker x4  
  115  16:21  Pylon  
  115  16:23  Pylon  
  108  16:27  Pylon  
  98  17:28  Nexus  
  98  17:35  Nexus  
  90  17:37  Pylon  
  90  17:40  Pylon  
  90  17:43  Pylon  
  26  18:12  Zealot x4  
  33  18:42  Gateway  
  33  18:43  Forge  
  33  18:47  Gateway  
  33  18:49  Gateway  
  33  18:50  Gateway  
  33  18:55  Gateway  
  33  18:57  Gateway  
  33  18:58  Gateway  
  33  19:01  Gateway  
  33  19:08  Gateway x2  
  33  19:10  Gateway  
  33  19:11  Gateway  
  33  19:32  Cybernetics Core  
  33  19:36  Photon Cannon  
  33  19:37  Photon Cannon  
  33  19:39  Photon Cannon  
  33  19:40  Photon Cannon  
  33  19:41  Photon Cannon  
  33  19:42  Photon Cannon  
  33  19:43  Photon Cannon  
Tags
 
Add a new tag
Caveats
  • Supply blocks, unpowered buildings, or Contaminate may cause inaccurate times.
  • Supply counts are checked every 10 seconds.